 Dungeon Crawl Stone Soup version 0.31-a0-217-g58bb5d79cf (webtiles) character file.

Game seed: 3483835606872731726

352 qw the Shooter (level 6, -3/52 HPs)
             Began as a Minotaur Hexslinger on July 2, 2023.
             Slain by an ogre
             ... wielding a +0 giant club
              (23 damage)
             ... on level 4 of the Dungeon.
             The game lasted 00:01:34 (3457 turns).

qw the Shooter (Minotaur Hexslinger)                Turns: 3457, Time: 00:01:34

Health: -3/52      AC:  6    Str: 12    XL:     6   Next: 34%
Magic:  6/6        EV: 11    Int: 10    God:
Gold:   243        SH:  0    Dex: 15    Spells: 6/7 levels left

rFire   . . .        Y - +1 sling
rCold   . . .        (no shield)
rNeg    . . .        h - +0 ring mail
rPois   .            (helmet restricted)
rElec   .            f - +0 cloak
rCorr   .            (no gloves)
SInv    .            (no boots)
Will    .....        (no amulet)
Stlth   +            (no ring)
HPRegen 0.28/turn    (no ring)
MPRegen 0.10/turn

%: no passive effects
@: no status effects
A: horns 2, retaliatory headbutt
a: no special abilities


You were on level 4 of the Dungeon.
You visited 1 branch of the dungeon, and saw 4 of its levels.

You collected 243 gold pieces.


Innate Abilities, Weirdness & Mutations

You have a pair of horns on your head.
You reflexively headbutt those who attack you in melee.


   Skills:
 - Level 4.0 Fighting
 + Level 6.4 Ranged Weapons
 - Level 1.0 Armour
 - Level 2.1 Dodging
 - Level 1.0 Spellcasting
 - Level 2.0 Hexes


You had 6 spell levels left.
You knew the following spells:

 Your Spells              Type           Power      Damage    Failure   Level
a - Slow                  Hex            16%        N/A       34%         1

Your spell library contained the following spells:

 Spells                   Type           Power      Damage    Failure   Level
 Inner Flame              Hex/Fire       2%         N/A       83%         3
 Portal Projectile        Hex/Tloc       4%         N/A       83%         3
 Cause Fear               Hex            2%         N/A       98%         4

Inventory:

Hand Weapons
 Y - a +1 sling (weapon)
Armour
 f - a +0 cloak (worn)
 g - a +0 pair of gloves
 h - a +0 ring mail (worn)
Scrolls
 a - 4 scrolls of identify
 b - a scroll of enchant armour {unknown}
 e - a scroll of fog {unknown}
Potions
 c - a potion of heal wounds
 d - a potion of curing

Dungeon Overview and Level Annotations

Branches:
Dungeon (4/15)
 Temple: D:4-7

Altars:


Message History

Enter note:
Enter note:
Enter note:
Enter note:
Enter note:
Enter note: You shoot a sling bullet.
The sling bullet hits the ball python.
You kill the ball python!
You now have 229 gold pieces (gained 8).
You see here a ball python corpse.
You now have 243 gold pieces (gained 14).
An ogre comes into view. It is wielding a +0 giant club.
The ogre shouts!
Enter note:
Enter note:
Enter note:
Enter note:
Enter note:
Enter note:
Enter note: You shoot a sling bullet.
The sling bullet hits the ogre but does no damage.
The ogre hits you with a +0 giant club!
You shoot a sling bullet. The sling bullet hits the ogre.
The ogre is lightly wounded.
You shoot a sling bullet.
The sling bullet barely misses the ogre.
The ogre hits you with a +0 giant club!!
You shoot a sling bullet.
The sling bullet barely misses the ogre.
The ogre barely misses you.
You shoot a sling bullet. The sling bullet hits the ogre.
The ogre is lightly wounded.
The ogre closely misses you.
You shoot a sling bullet. The sling bullet hits the ogre.
The ogre is moderately wounded.
You shoot a sling bullet. The sling bullet hits the ogre.
The ogre is heavily wounded.
The ogre hits you with a +0 giant club!!
You die...

####...######..####<#####%#######
..##...........# #..............
...)...######..# #######.######.
#.###[.# #..# ######...### #. ..#
#..### ##..# #......#...# ## ###
#....# #.... .........#.# #
#####.##.###...####.###.#.##.#
...............O.##.# #.#.##.#
#####.##.#### #@##.# #.#.##.# #
#.# .# #.##.# #.#..#.# ## #.#
.#######.##.# #.##.#.# .####.#
.........##.###.##.#.# ......#
######......##.#.#.#.# .######
#......#.###..#.# ## #.......##
##^..# # #.....##.# .#### #
#.....# #.#.#


You could see an ogre.

Vanquished Creatures
  A scorpion (D:4)
  2 hounds
  An orc priest (D:4)
  2 orc wizards (D:3)
  5 adders
  A worm (D:3)
  A dart slug (D:3)
  12 orcs
  6 bats
  7 endoplasms
  4 goblins
  7 hobgoblins
  8 jackals (D:1)
  10 kobolds
  5 quokkas
  12 ball pythons
  2 frilled lizards
  8 rats
94 creatures vanquished.

Notes
Turn   | Place    | Note
-------+----------+-------------------------------------------
     0 | D:1      | qw the Minotaur Hexslinger began the quest for the Orb.
     0 | D:1      | Reached XP level 1. HP: 16/16 MP: 1/1
     0 | D:1      | 0 ||| qw: Version: 0.3-a-40-ge99b1a8
     0 | D:1      | 0 ||| qw: Game counter: 26
     0 | D:1      | 0 ||| qw: Melee chars always use a shield: true
     0 | D:1      | 0 ||| qw: God list: Okawaru
     0 | D:1      | 0 ||| qw: Allow faded altars: false
     0 | D:1      | 0 ||| qw: Do Orc after clearing Dungeon:15 true
     0 | D:1      | 0 ||| qw: Do second Lair branch before Depths: true
     0 | D:1      | 0 ||| qw: Lair rune preference: random
     0 | D:1      | 0 ||| qw: Goals: Normal
     0 | D:1      | 0 ||| PLANNING D:1-11
    99 | D:1      | Reached skill level 3 in Ranged Weapons
   100 | D:1      | Reached XP level 2. HP: 16/23 MP: 2/2
   100 | D:1      | 100 ||| FLEEEEING.
   101 | D:1      | 101 ||| FLEEEEING.
   102 | D:1      | 102 ||| FLEEEEING.
   103 | D:1      | 103 ||| FLEEEEING.
   104 | D:1      | 104 ||| FLEEEEING.
   105 | D:1      | 105 ||| FLEEEEING.
   106 | D:1      | 106 ||| FLEEEEING.
   107 | D:1      | 107 ||| FLEEEEING.
   108 | D:1      | 108 ||| FLEEEEING.
   109 | D:1      | 109 ||| FLEEEEING.
   110 | D:1      | 110 ||| FLEEEEING.
   111 | D:1      | 111 ||| FLEEEEING.
   113 | D:1      | 113 ||| FLEEEEING.
   114 | D:1      | 114 ||| FLEEEEING.
   115 | D:1      | 115 ||| FLEEEEING.
   116 | D:1      | 116 ||| FLEEEEING.
   117 | D:1      | 117 ||| FLEEEEING.
   568 | D:1      | 568 ||| UPGRADING to +0 leather armour.
   578 | D:1      | 578 ||| DROPPING +0 robe.
   579 | D:1      | 579 ||| READING 4 scrolls labelled AXIFROKHLAG.
   580 | D:1      | 580 ||| READING 2 scrolls labelled LAFITUFO MIMM.
   583 | D:1      | 583 ||| READING scroll labelled OLIC KAIXAJUPOEM.
   584 | D:1      | 584 ||| DRINKING 2 fuming pink potions.
   585 | D:1      | 585 ||| DROPPING scroll of poison.
   612 | D:2      | 612 ||| STAIRDANCE
   615 | D:1      | HP: 6/24 [adder (4)]
   616 | D:1      | 616 ||| READING scroll of teleportation.
   617 | D:1      | 617 ||| DRINKING potion of heal wounds.
   658 | D:2      | Reached XP level 3. HP: 29/29 MP: 3/3
   767 | D:2      | Reached skill level 4 in Ranged Weapons
  1283 | D:2      | 1283 ||| READING scroll labelled FYIFOQ SEON.
  1284 | D:2      | 1284 ||| READING 4 scrolls of identify.
  1284 | D:2      | 1284 ||| IDENTIFYING clear potion
  1285 | D:2      | 1285 ||| DROPPING potion of attraction.
  1340 | D:3      | 1340 ||| STAIRDANCE
  1347 | D:2      | HP: 7/29 [poisoned by an orc]
  1470 | D:3      | Reached XP level 4. HP: 36/36 MP: 4/4
  1555 | D:3      | Found a faded altar of an unknown god.
  1775 | D:3      | 1775 ||| UPGRADING to +0 cloak.
  1781 | D:3      | 1781 ||| UPGRADING to +0 ring mail.
  1791 | D:3      | 1791 ||| DROPPING +0 leather armour.
  1935 | D:3      | Reached skill level 1 in Armour
  2251 | D:3      | Reached skill level 5 in Ranged Weapons
  2401 | D:3      | 2401 ||| READING scroll labelled IDEKHL DIATH.
  2402 | D:3      | 2402 ||| READING scroll labelled TIBYQE ROUX.
  2403 | D:3      | 2403 ||| DRINKING 3 ruby potions.
  2404 | D:3      | 2404 ||| READING 5 scrolls of identify.
  2404 | D:3      | 2404 ||| IDENTIFYING silvery potion
  2405 | D:3      | 2405 ||| DROPPING potion of degeneration.
  2448 | D:4      | 2448 ||| STAIRDANCE
  2455 | D:3      | Reached skill level 3 in Fighting
  2455 | D:3      | Reached XP level 5. HP: 26/45 MP: 5/5
  2533 | D:4      | 2533 ||| STAIRDANCE
  2535 | D:4      | 2535 ||| STAIRDANCE
  2537 | D:3      | 2537 ||| DRINKING 2 potions of curing.
  2537 | D:3      | 2537 ||| (to cure confusion)
  2540 | D:4      | 2540 ||| STAIRDANCE
  2542 | D:3      | 2542 ||| DRINKING potion of curing.
  2542 | D:3      | 2542 ||| (to cure confusion)
  2546 | D:4      | 2546 ||| STAIRDANCE
  2551 | D:4      | 2551 ||| STAIRDANCE
  2558 | D:3      | HP: 8/45 [orc wizard/magic dart (10)]
  2559 | D:3      | 2559 ||| DRINKING 7 potions of heal wounds.
  2574 | D:3      | HP: 11/45 [orc wizard/puff of flame (7)]
  2575 | D:3      | 2575 ||| DRINKING 6 potions of heal wounds.
  2645 | D:4      | 2645 ||| STAIRDANCE
  2739 | D:4      | 2739 ||| FLEEEEING.
  2740 | D:4      | 2740 ||| FLEEEEING.
  2741 | D:4      | 2741 ||| FLEEEEING.
  2742 | D:4      | 2742 ||| FLEEEEING.
  2743 | D:4      | 2743 ||| STAIRDANCE
  2936 | D:4      | Reached skill level 6 in Ranged Weapons
  2975 | D:4      | HP: 9/45 [poisoned by a scorpion]
  2976 | D:4      | 2976 ||| DRINKING 5 potions of heal wounds.
  2982 | D:4      | HP: 10/45 [poisoned by a scorpion]
  2983 | D:4      | Reached XP level 6. HP: 12/52 MP: 6/6
  2987 | D:4      | HP: 7/52 [poisoned by a scorpion]
  3073 | D:4      | HP: 12/52 [poisoned by an adder]
  3074 | D:4      | 3074 ||| DRINKING 4 potions of heal wounds.
  3250 | D:4      | HP: 13/52 [orc priest/divine providence (12)]
  3251 | D:4      | 3251 ||| DRINKING 3 potions of heal wounds.
  3254 | D:4      | 3254 ||| DRINKING 2 potions of heal wounds.
  3457 | D:4      | Slain by an ogre

Levels and vault maps discovered:
D:1:      minmay_arrival_doors, layout_basic
D:2:      layout_loops_ring, serial_bayou_pond_e, st_stairs_7,
          chequers_serial_rivers_large_b, minmay_small_reverse_x
D:3:      layout_basic, dreamdust_ecumenical_altar_angels_and_demons,
          amcnicky_mini_rare_corridor_liquid, kennysheep_cluttered_room,
          grunt_ministairs_5, minmay_misc_feat_diagonals,
          amcnicky_mini_corridor_feature, minmay_vboxes
D:4:      layout_loops_ring, nicolae_shop_sticking_my_neck_out

Skill      XL: |  1  2  3  4  5 |
---------------+----------------+-----
Ranged Weapons | 3 4 5 6 |  6.4
Fighting       | 2 3 4 |  4.0
Armour         | 1 |  1.0
Dodging        | |  2.1
Spellcasting   | |  1.0
Hexes          | |  2.0

Action                     |  1- 3 |  4- 6 || total
---------------------------+-------+-------++-------
   Fire: Sling             |   145 |   217 ||   362
    Use: Scroll            |     6 |     3 ||     9
         Potion            |     2 |     9 ||    11
 Armour: Robe              |     6 |       ||     6
         Leather armour    |     3 |     3 ||     6
         Ring mail         |       |    60 ||    60
  Dodge: Dodged            |    44 |   102 ||   146

Table legend:
 A = Non-vault XP
 B = Vault XP
 C = Vault XP percentage of total XP
 D = Non-vault monster count
 E = Vault monster count
 F = Vault count percentage of total count
                 A         B        C        D         E       F
            +---------+---------+-------+---------+---------+-------
      Total |     483 |      20 |   4.0 |      83 |      11 |  11.7
            +---------+---------+-------+---------+---------+-------
        D:1 |      37 |       0 |   0.0 |      20 |       0 |   0.0
        D:2 |      43 |      10 |  18.9 |      21 |       6 |  22.2
        D:3 |     188 |      10 |   5.1 |      24 |       5 |  17.2
        D:4 |     215 |       0 |   0.0 |      18 |       0 |   0.0
            +---------+---------+-------+---------+---------+-------
